 Dungeon Crawl Stone Soup version 0.23.2 (webtiles) character file.

Game seed: 12892141389599400019

62 Lusmu the Shield-Bearer (level 4, 0/28 HPs)
             Began as a Tengu Fighter on Apr 2, 2019.
             Slain by a gnoll
             ... wielding a +0 spear
              (7 damage)
             ... on level 2 of the Dungeon.
             The game lasted 00:03:38 (1044 turns).

Lusmu the Shield-Bearer (Tengu Fighter)             Turns: 1044, Time: 00:03:38

Health: 0/28       AC:  6    Str: 22    XL:     4   Next: 8%
Magic:  5/5        EV:  7    Int:  9    God:
Gold:   59         SH:  9    Dex: 13    Spells: 3/3 levels left

rFire    . . .     SeeInvis .   a - +0 long sword
rCold    . . .     Gourm    .   c - +0 shield
rNeg     . . .     Faith    .   b - +0 scale mail
rPois    .         Spirit   .   (helmet restricted)
rElec    .         Reflect  .   (no cloak)
rCorr    .         Harm     .   (no gloves)
MR       .....                  (boots unavailable)
Stlth    ..........             (no amulet)
HPRegen  0.09/turn              (no ring)
MPRegen  0.09/turn              (no ring)

@: mighty
A: beak, talons 3
a: no special abilities


You were on level 2 of the Dungeon.
You were not hungry.

You visited 1 branch of the dungeon, and saw 2 of its levels.

You collected 59 gold pieces.

Inventory:

Hand Weapons
 a - a +0 long sword (weapon)
Armour
 b - a +0 scale mail (worn)
 c - a +0 shield (worn)
Scrolls
 e - a scroll of teleportation
 j - 2 scrolls of remove curse
 m - a scroll of fog {unknown}
Potions
 d - a potion of might
 h - a potion of heal wounds
 i - a potion of haste {unknown}
 k - a potion of berserk rage {unknown}
 l - a potion of curing {unknown}
Comestibles
 f - 4 rations
 g - 3 chunks of flesh


   Skills:
 + Level 3.5 Fighting
 + Level 3.0 Long Blades
 - Level 3.2 Armour
 + Level 1.6 Stealth
 + Level 3.5 Shields


You had 3 spell levels left.
You didn't know any spells.
Your spell library was empty.

Dungeon Overview and Level Annotations

Branches:
Dungeon (2/15)

Altars:
Cheibriados
Nemelex Xobeh


Innate Abilities, Weirdness & Mutations

You have a beak for a mouth.
You have claws for feet.


Message History

You kill the gnoll!
Your Long Blades skill increases to level 3!
You have reached level 4!
You feel stronger. You block the gnoll's attack.
The gnoll hits you but does no damage. x2
The gnoll hits you but does no damage. You block the gnoll's attack.
You hit the gnoll.
The gnoll is moderately wounded.
You block the gnoll's attack.
The gnoll hits you from afar with a +0 spear.
You closely miss the gnoll. Your kick misses the gnoll. You peck the gnoll.
The gnoll is heavily wounded.
The gnoll hits you with a +0 spear.
The gnoll hits you from afar with a +0 spear.
* * * LOW HITPOINT WARNING * * *
The gnoll hits you but does no damage.
You barely miss the gnoll. Your kick misses the gnoll.
The gnoll is heavily wounded.
The gnoll hits you from afar with a +0 spear!
You die...

...........###.####.#.
#........#.###.# #... ..
..#........#.....###...#
#.#.g ........####........#
#.... ....... ###.....## #
###..g ###.. ##.....#
#.##..... #.# ######...#..
#....#..# #####.#
##........... #....#
##.gg@.###..##...#....
#...$###..####)...#...#.####.
#........###...##.......# ##
#............####..###### #
#.........#### #..##
#.........# ....# #.........#
.....# #######
#.........##....### #......
#.........###### #######


You could see 2 gnolls.

Vanquished Creatures
  2 gnolls (D:2)
  2 oozes
  A dart slug (D:1)
  4 giant cockroaches
  6 goblins
  4 hobgoblins
  7 bats
  3 frilled lizards
  2 kobolds (D:1)
  A rat (D:1)
32 creatures vanquished.

Notes
Turn   | Place    | Note
-------+----------+-------------------------------------------
     0 | D:1      | Lusmu the Tengu Fighter began the quest for the Orb.
     0 | D:1      | Reached XP level 1. HP: 14/14 MP: 2/2
    71 | D:1      | Reached XP level 2. HP: 19/19 MP: 3/3
   276 | D:1      | Reached skill level 1 in Stealth
   479 | D:1      | Reached XP level 3. HP: 23/23 MP: 4/4
   752 | D:2      | Found a snail-covered altar of Cheibriados.
   920 | D:2      | Found a sparkling altar of Nemelex Xobeh.
  1038 | D:2      | Reached XP level 4. HP: 15/28 MP: 5/5
  1044 | D:2      | Slain by a gnoll

Skill      XL: |  1  2  3 |
---------------+----------+-----
Stealth        | 1 |  1.6
Long Blades    | 3 |  3.0
Fighting       | |  3.5
Armour         | |  3.2
Shields        | |  3.5

Action                   |  1- 3 |  4- 6 || total
-------------------------+-------+-------++-------
Melee: Long sword        |    69 |     3 ||    72
       Kick              |    17 |       ||    17
       Peck              |     6 |     1 ||     7
  Use: Scroll            |     3 |       ||     3
       Potion            |     1 |       ||     1
  Eat: Chunk             |     1 |       ||     1
Armor: Scale mail        |    26 |     4 ||    30
Dodge: Dodged            |    22 |       ||    22
Block: Shield            |    39 |     3 ||    42
       Rpst.: Long sword |     3 |       ||     3
